 Dungeon Crawl Stone Soup version 0.31-a0-200-gbc41564c69 (webtiles) character file.

Game seed: 18087068875232322537

126 qw the Skirmisher (level 4, 0/25 HPs)
             Began as a Deep Elf Hunter on June 25, 2023.
             Was an Initiate of Okawaru.
             Slain by a hound (2 damage)
             ... on level 4 of the Dungeon.
             The game lasted 00:01:32 (2991 turns).

qw the Skirmisher (Deep Elf Hunter)                 Turns: 2991, Time: 00:01:32

Health: 0/25       AC:  6    Str: 10    XL:     4   Next: 84%
Magic:  6/6        EV:  9    Int: 14    God:    Okawaru [......]
Gold:   80         SH:  0    Dex: 18    Spells: 3/3 levels left

rFire   . . .        Y - +1 shortbow
rCold   + . .        (shield currently unavailable)
rNeg    . . .        f - +0 scale mail {rC+}
rPois   .            (no helmet)
rElec   .            (no cloak)
rCorr   .            (no gloves)
SInv    .            (no boots)
Will    .....        (no amulet)
Stlth   +            (no ring)
HPRegen 0.24/turn    (no ring)
MPRegen 0.10/turn

%: no passive effects
@: no status effects
A: no striking features
a: Renounce Religion


You were on level 4 of the Dungeon.
You worshipped Okawaru.
Okawaru was noncommittal.
You visited 1 branch of the dungeon, and saw 4 of its levels.

You collected 190 gold pieces.
You spent 110 gold pieces at shops.


   Skills:
 - Level 1.5 Fighting
 + Level 8.2 Ranged Weapons
 - Level 2.4 Dodging
 - Level 1.2 Stealth


You had 3 spell levels left.
You didn't know any spells.
Your spell library was empty.

Inventory:

Hand Weapons
 Y - a +1 shortbow (weapon)
Armour
 a - a +0 ring mail
 c - a +0 pair of boots
 f - a +0 scale mail of cold resistance (worn)
Scrolls
 e - 4 scrolls of identify
Potions
 b - 2 potions of curing
 d - a potion of magic

Dungeon Overview and Level Annotations

Branches:
Dungeon (4/15)
 Temple: D:4-7

Altars:
Dithmenos
Kikubaaqudgha
Okawaru

Shops:
D:3 ?

Annotations:
D:2 1 runed translucent door, Crazy Yiuf


Message History

Enter note:
Enter note: A hound comes into view.
The hound barks!
Enter note:
Enter note:
Enter note: You shoot an arrow.
The arrow misses the hound.
A hound is nearby!
Enter note:
Enter note:
Enter note: You shoot an arrow.
The arrow barely misses the hound.
The hound bites you.
You shoot an arrow. The arrow hits the hound.
The hound is lightly wounded.
The hound bites you but does no damage. The hound bites you.
You shoot an arrow. The arrow barely misses the hound.
The hound barely misses you. The hound bites you.
You shoot an arrow. The arrow hits the hound.
The hound is moderately wounded.
The hound barely misses you. The hound bites you but does no damage.
You shoot an arrow. The arrow misses the hound.
The hound bites you. The hound bites you but does no damage.
You shoot an arrow. The arrow completely misses the hound.
The hound misses you. The hound bites you.
You shoot an arrow. The arrow barely misses the hound.
The hound barely misses you.
You shoot an arrow. The arrow hits the hound.
The hound is heavily wounded.
The hound bites you. The hound barely misses you.
You shoot an arrow. The arrow completely misses the hound.
The hound bites you. The hound barely misses you.
You shoot an arrow.
The arrow hits the hound but does no damage.
The hound is heavily wounded.
The hound closely misses you. The hound bites you.
You shoot an arrow. The arrow completely misses the hound.
The hound bites you but does no damage. The hound bites you.
You die...

#.....###.....
#.##.##.....<#
##.....#.#..#
###..........# ##
#...........#......
............# ....
##..........# $....
#.........##......
#.........@h......
.###.........##......
.
.....................
..
....................
...
##.........########
...#.....%....#
.............##
.###..>.....#
#........#


You could see a hound.

Vanquished Creatures
  4 adders
  A worm (D:3)
  A dart slug (D:2)
  An orc (D:3)
  11 endoplasms
  6 giant cockroaches
  8 goblins
  9 hobgoblins
  5 jackals
  7 quokkas
  2 ball pythons (D:1)
  4 bats
  5 frilled lizards
  8 kobolds
  4 rats
76 creatures vanquished.

Notes
Turn   | Place    | Note
-------+----------+-------------------------------------------
     0 | D:1      | qw the Deep Elf Hunter began the quest for the Orb.
     0 | D:1      | Reached XP level 1. HP: 12/12 MP: 3/3
     0 | D:1      | 0 ||| qw: Version: 0.3-a-22-g0ed2b0b
     0 | D:1      | 0 ||| qw: Game counter: 5702
     0 | D:1      | 0 ||| qw: Melee chars always use a shield: true
     0 | D:1      | 0 ||| qw: God list: Okawaru
     0 | D:1      | 0 ||| qw: Allow faded altars: false
     0 | D:1      | 0 ||| qw: Do Orc after clearing Dungeon:15 true
     0 | D:1      | 0 ||| qw: Do second Lair branch before Depths: true
     0 | D:1      | 0 ||| qw: Lair rune preference: random
     0 | D:1      | 0 ||| qw: Goals: Normal
     0 | D:1      | 0 ||| PLANNING D:1-11
   108 | D:1      | 108 ||| DROPPING ring of wizardry.
   109 | D:1      | 109 ||| READING 2 scrolls labelled HONA ZUEKLUFE.
   110 | D:1      | 110 ||| DROPPING scroll of fear.
   111 | D:1      | 111 ||| DROPPING scroll of butterflies.
   118 | D:1      | Reached skill level 6 in Ranged Weapons
   118 | D:1      | Reached XP level 2. HP: 16/16 MP: 4/4
   373 | D:1      | Reached XP level 3. HP: 20/20 MP: 5/5
   697 | D:1      | 697 ||| UPGRADING to +0 ring mail.
   707 | D:1      | 707 ||| DROPPING +0 leather armour.
   708 | D:1      | 708 ||| READING 2 scrolls labelled FUT DUAMNAMULO.
   709 | D:1      | 709 ||| DROPPING scroll of fog.
   779 | D:2      | Reached skill level 7 in Ranged Weapons
   849 | D:2      | 849 ||| FLEEEEING.
   850 | D:2      | 850 ||| FLEEEEING.
   851 | D:2      | 851 ||| FLEEEEING.
   852 | D:2      | 852 ||| FLEEEEING.
   853 | D:2      | 853 ||| FLEEEEING.
   968 | D:2      | Found a runed translucent door.
   969 | D:2      | Noticed Crazy Yiuf
  1009 | D:2      | Reached XP level 4. HP: 25/25 MP: 6/6
  1042 | D:2      | HP: 6/25 [poisoned by an adder]
  1047 | D:2      | HP: 2/25 [poisoned by an adder]
  1068 | D:2      | 1068 ||| FLEEEEING.
  1069 | D:2      | 1069 ||| FLEEEEING.
  1070 | D:2      | 1070 ||| FLEEEEING.
  1071 | D:2      | 1071 ||| FLEEEEING.
  1072 | D:2      | 1072 ||| FLEEEEING.
  1074 | D:2      | 1074 ||| STAIRDANCE
  1146 | D:1      | 1146 ||| DRINKING 2 bubbling coppery potions.
  1147 | D:1      | 1147 ||| DROPPING potion of attraction.
  2112 | D:3      | Found an iron altar of Okawaru.
  2113 | D:3      | 2113 ||| PLANNING OKAWARU WORSHIP
  2116 | D:3      | Became a worshipper of Warmaster Okawaru
  2117 | D:3      | 2117 ||| PLANNING D:1-11
  2411 | D:3      | Reached skill level 8 in Ranged Weapons
  2428 | D:3      | Found Xohu's Magic Scroll Shop.
  2433 | D:3      | 2433 ||| BUYING scroll of identify (22 gold).
  2433 | D:3      | Bought a scroll of identify for 22 gold pieces
  2433 | D:3      | 2433 ||| BUYING scroll of identify (22 gold).
  2433 | D:3      | Bought a scroll of identify for 22 gold pieces
  2433 | D:3      | 2433 ||| BUYING scroll of identify (22 gold).
  2433 | D:3      | Bought a scroll of identify for 22 gold pieces
  2433 | D:3      | 2433 ||| BUYING scroll of identify (22 gold).
  2433 | D:3      | Bought a scroll of identify for 22 gold pieces
  2433 | D:3      | 2433 ||| BUYING scroll of identify (22 gold).
  2433 | D:3      | Bought a scroll of identify for 22 gold pieces
  2433 | D:3      | 2433 ||| SHOPLISTING scroll of identify (22 gold, have 8).
  2527 | D:3      | Found an ancient bone altar of Kikubaaqudgha.
  2800 | D:3      | Found a shadowy altar of Dithmenos.
  2883 | D:3      | 2883 ||| UPGRADING to +0 scale mail of cold resistance.
  2893 | D:3      | 2893 ||| READING scroll labelled LINKAN MUXZOD.
  2894 | D:3      | 2894 ||| READING scroll labelled JIELAPH KEAN.
  2895 | D:3      | 2895 ||| READING 6 scrolls of identify.
  2895 | D:3      | 2895 ||| IDENTIFYING black potion
  2896 | D:3      | 2896 ||| READING 5 scrolls of identify.
  2896 | D:3      | 2896 ||| IDENTIFYING purple potion
  2989 | D:4      | HP: 5/25 [hound (2)]
  2990 | D:4      | HP: 1/25 [hound (4)]
  2991 | D:4      | Slain by a hound

Levels and vault maps discovered:
D:1:      ncdulo_smallfort, layout_basic, nrook_loot_triangle, minmay_surrounded
D:2:      layout_basic, uniq_crazy_yiuf_cottage
D:3:      layout_loops_corners, marbit_many_paths,
          nicolae_dithmenos_through_a_glass_darkly,
          mainiacjoe_overflow_small_starburst, serial_shops, shop
D:4:      layout_rooms, mainiacjoe_overflow_concentric_impassable,
          uniq_eustachio

Skill      XL: |  1  2  3  4 |
---------------+-------------+-----
Ranged Weapons | 6 7 8 |  8.2
Fighting       | |  1.5
Dodging        | |  2.4
Stealth        | |  1.2

Action                     |  1- 3 |  4- 6 || total
---------------------------+-------+-------++-------
   Fire: Shortbow          |   132 |    98 ||   230
    Use: Scroll            |     2 |     4 ||     6
         Potion            |       |     1 ||     1
 Armour: Leather armour    |     9 |       ||     9
         Ring mail         |     9 |    15 ||    24
         Scale mail        |       |     5 ||     5
  Dodge: Dodged            |    35 |    29 ||    64

Table legend:
 A = Non-vault XP
 B = Vault XP
 C = Vault XP percentage of total XP
 D = Non-vault monster count
 E = Vault monster count
 F = Vault count percentage of total count
                 A         B        C        D         E       F
            +---------+---------+-------+---------+---------+-------
      Total |     164 |      17 |   9.4 |      72 |       4 |   5.3
            +---------+---------+-------+---------+---------+-------
        D:1 |      49 |       4 |   7.5 |      29 |       3 |   9.4
        D:2 |      68 |       0 |   0.0 |      25 |       0 |   0.0
        D:3 |      37 |      13 |  26.0 |      13 |       1 |   7.1
        D:4 |      10 |       0 |   0.0 |       5 |       0 |   0.0
            +---------+---------+-------+---------+---------+-------
